 Dungeon Crawl Stone Soup version 0.29-a0-284-gf9362112df (webtiles) character file.

Game seed: 4379574874987492094

279 spaghetti the Skirmisher (level 6, -7/49 HPs)
             Began as a Djinni Berserker on Mar 30, 2022.
             Was a Believer of Trog.
             Mangled by a river rat (8 damage)
             ... summoned by Eustachio
             ... on level 4 of the Dungeon.
             The game lasted 00:05:13 (3605 turns).

spaghetti the Skirmisher (Djinni Berserker)         Turns: 3605, Time: 00:05:14

Health: -7/49      AC:  2    Str: 14 (16) XL:     6   Next: 52%
Gold:   163        EV: 13    Int:  6 (9)  God:    Trog [**....] SH:  0 Dex: 13 (14)

rFire   + + .      SeeInvis .   b - +0 dagger (venom) {short}
rCold   x . .      Faith    .   (no shield)
rNeg    . . .      Spirit   .   e - +0 animal skin
rPois   ∞          Reflect  .   (no helmet)
rElec   .          Harm     .   (no cloak)
rCorr   .          Rampage  .   (no gloves)
Will    .....                   (boots unavailable)
Stlth   +.........              (no amulet)
HPRegen 0.16/turn               (no ring)
MPRegen 0.00/turn               (no ring)

@: on berserk cooldown, flying, slowed, very slow
A: sickness immunity, fire resistance 2, cold vulnerability 1, float, innate
caster, HP casting, extra vitality 1
a: Renounce Religion, Berserk, Trog's Hand


You were on level 4 of the Dungeon.
You worshipped Trog.
Trog was pleased with you.
You visited 1 branch of the dungeon, and saw 4 of its levels.

You collected 163 gold pieces.


Innate Abilities, Weirdness & Mutations

You are immune to sickness and miasma.
You are immune to poison.
Your flesh is very heat resistant. (rF++)
You are vulnerable to cold. (rC-)
You float through the air rather than walking.
You learn spells naturally, not from books.
Your magical power is your life essence.
You have superior vitality. (+4 MHP)


   Skills:
 * Level 4.8 Fighting
 + Level 3.7 Long Blades
 - Level 2.0 Armour
 * Level 4.6 Dodging


You had 2 spell levels left.
You knew the following spells:

 Your Spells              Type           Power      Damage    Failure   Level
a - Beastly Appendage     Tmut           0%         N/A       45%         1
b - Searing Ray           Conj           0%         2d4       58%         2
Your spell library was empty.

Inventory:

Hand Weapons
 a - a +2 vorpal hunting sling {sling}
   (You took it off a goblin on level 3 of the Dungeon)
 b - a +0 dagger of venom (weapon) {short}
   (You took it off a goblin on level 1 of the Dungeon)
 i - a +1 hand axe of flaming {axe}
   (You found it on level 1 of the Dungeon)
 q - a +0 falchion {long}
Missiles
 d - 128 stones (quivered) {throwing}
 s - 2 boomerangs {throwing}
Armour
 e - a +0 animal skin (worn)
Jewellery
 k - an amulet of guardian spirit
   (You found it on level 2 of the Dungeon)
Scrolls
 c - 2 scrolls of summoning {unknown}
 f - 2 scrolls of identify {unknown}
 g - a scroll of torment {unknown}
 h - a scroll of fog {unknown}
 l - 2 scrolls of magic mapping {unknown}
 n - a scroll of teleportation {unknown}
 p - 2 scrolls of amnesia {unknown}
Potions
 r - a potion of mutation {unknown}

Dungeon Overview and Level Annotations

Branches:
Dungeon (4/15)
 Temple: D:4-7

Altars:

Annotations:
D:4 Eustachio

.....# # ..#.# #
###.#.# # #
....#.############# #.
................##
#.####.........###.#.
#.#................#.#.
#.............#.#..#.#.
#....@@r..#####.#..#.#.
...........# #.#..#.#.
############ #.#..#.#.
#.#..#)## #.#......
#.#.##.## #....# ######


You could see Eustachio and a river rat (summoned).


Message History

No target in view!
No target in view!
No target in view!
No target in view!
No target in view!
No target in view!
No target in view!
No target in view!
No target in view!
No target in view!
No target in view!
Things that are here:
a +0 whip {mace}; a kobold corpse Key pressed, stopping explore.
Key pressed, stopping explore.
You see here a +0 hand axe {axe}.
A quokka comes into view.
A hound comes into view.
You closely miss the quokka.
The hound barks!
You hear a shout!
The quokka closely misses you.
You hit the quokka.
The quokka is poisoned.
The quokka bites you.
Eustachio the Magnificent comes into view.
He is wielding a +1 rapier of venom. 😕 HP[-1]
You take 1 damage, and now have 47/48 hp.
A red film seems to cover your vision as you go berserk!
You feel yourself moving faster!
You feel mighty!
You can no longer call upon Trog for regeneration and willpower.
The quokka barely misses you. 😎 HP[+25]
You now have 72 max hp (+24).
Your hp is fully restored (72).
You puncture the quokka!
You kill the quokka!
Trog accepts your kill. The hound bites you but does no damage.
You barely miss the hound. The hound barely misses you.
You closely miss the hound. The hound bites you.
Eustachio mumbles some strange words. 😕 HP[-1]
You take 1 damage, and now have 71/72 hp.
You hit the hound. The hound bites you. 😕 HP[-4]
You take 4 damage, and now have 67/72 hp.
You hit the hound.
The hound is poisoned.
The hound closely misses you.
Eustachio casts a spell.
Eustachio blinks!
You puncture the hound!
The hound looks as sick as possible!
The hound bites you.
Eustachio mumbles some strange words.
Eustachio blinks! 😕 HP[-3]
You take 3 damage, and now have 64/72 hp.
You puncture the hound!
You kill the hound!
Trog accepts your kill.
You can now call upon Trog for regeneration and willpower. 😕 HP[+1]
You now have 73 max hp (+1).
Eustachio casts a spell.
Eustachio blinks!
The river rat misses you.
You feel a strong urge to attack something.
The river rat bites you. 😕 HP[-4]
You take 4 damage, and now have 61/73 hp.
You feel your anger nearly subside.
You are no longer berserk.
You are exhausted.
You feel yourself slow down. 😕 HP[-20]
You now have 49 max hp (-24).
Eustachio hits you with a +1 rapier of venom! 😮 HP[-10]
You take 10 damage, and now have 31/49 hp.
MASSIVE DAMAGE!! (PAUSE) It was a potion of berserk rage.
You're still recovering from your berserk rage.
Eustachio hits you with a +1 rapier of venom!
* * * LOW HITPOINT WARNING * * *
The river rat misses you. 😨 HP[-10]
You take 10 damage, and now have 21/49 hp.
MASSIVE DAMAGE!! (PAUSE) It was a potion of degeneration.
There was something very wrong with that liquid.
You feel weakened.
You feel dopey.
You feel clumsy.
Eustachio hits you with a +1 rapier of venom.
* * * LOW HITPOINT WARNING * * *
The river rat closely misses you.
Eustachio hits you with a +1 rapier of venom!
* * * LOW HITPOINT WARNING * * *
😱 HP[-11]
You take 11 damage, and now have 10/49 hp.
MASSIVE DAMAGE!! (PAUSE) It was a potion of flight.
You feel more buoyant. The river rat bites you.
* * * LOW HITPOINT WARNING * * *
Eustachio hits you with a +1 rapier of venom.
* * * LOW HITPOINT WARNING * * *
The river rat bites you!
You die...

Skill      XL: |  1  2  3  4  5 |
---------------+----------------+-----
Long Blades    | 3 |  3.7
Dodging        | 3 4 |  4.6
Fighting       | 4 |  4.8
Armour         | |  2.0

Action                   |  1- 3 |  4- 6 || total
-------------------------+-------+-------++-------
Melee: Falchion          |    21 |       ||    21
       Dagger            |    76 |    92 ||   168
       Punch             |     2 |       ||     2
 Fire: Hunting sling     |       |    17 ||    17
Invok: Berserk           |     1 |     3 ||     4
  Use: Potion            |       |     3 ||     3
Armor: Animal skin       |     9 |     9 ||    18
Dodge: Dodged            |    67 |    60 ||   127

Levels and vault maps discovered:
D:1:      roderic_chinese_lattice_arrival, layout_loops_cross,
          minmay_pentomino_r2
D:2:      layout_basic, ebering_ecumenical_altar_petrified
D:3:      layout_basic
D:4:      layout_basic, minmay_ogre_servants, uniq_eustachio, uniq_grinder

Notes
Turn   | Place    | Note
-------+----------+-------------------------------------------
     0 | D:1      | spaghetti the Djinni Berserker began the quest for the Orb.
     0 | D:1      | Reached XP level 1. HP: 20/20 MP: 0/0
     0 | D:1      | magus.rc [v1.9.6]
   427 | D:1      | Reached XP level 2. HP: 24/25 MP: 0/0
  1110 | D:2      | Reached skill level 3 in Long Blades
  1116 | D:2      | Reached XP level 3. HP: 30/30 MP: 0/0
  1116 | D:2      | Learned a level 1 spell: Beastly Appendage
  1363 | D:2      | Reached skill level 3 in Dodging
  1411 | D:2      | Found a faded altar of an unknown god.
  2141 | D:3      | Reached XP level 4. HP: 34/37 MP: 0/0
  2526 | D:3      | Reached skill level 4 in Fighting
  2526 | D:3      | Reached XP level 5. HP: 26/41 MP: 0/0
  2526 | D:3      | Learned a level 2 spell: Searing Ray
  3242 | D:4      | Noticed an ogre
  3247 | D:4      | Reached skill level 4 in Dodging
  3254 | D:4      | Killed an ogre
  3255 | D:4      | Reached XP level 6. HP: 48/48 MP: 0/0
  3262 | D:4      | Reached ** piety under Trog
  3589 | D:4      | Noticed Eustachio
  3604 | D:4      | HP: 10/49 [Eustachio/+1 rapier of venom (7)]
  3605 | D:4      | HP: 4/49 [river rat[Eustachio] (6)]
  3605 | D:4      | HP: 1/49 [Eustachio/+1 rapier of venom (3)]
  3605 | D:4      | Mangled by a river rat

Vanquished Creatures
  An ogre (D:4)
  2 hounds (D:4)
  An orc wizard (D:3)
  3 adders (D:3)
  3 dart slugs
  8 orcs
  5 ball pythons
  3 endoplasms
  2 giant cockroaches
  14 goblins
  9 hobgoblins
  3 kobolds
  2 quokkas
  6 bats
  A frilled lizard (D:1)
  4 rats
67 creatures vanquished.

Table legend:
 A = Non-vault XP
 B = Vault XP
 C = Vault XP percentage of total XP
 D = Non-vault monster count
 E = Vault monster count
 F = Vault count percentage of total count
                 A         B        C        D         E       F
            +---------+---------+-------+---------+---------+-------
      Total |     264 |     135 |  33.8 |      57 |      10 |  14.9
            +---------+---------+-------+---------+---------+-------
        D:1 |      25 |       1 |   3.8 |      13 |       1 |   7.1
        D:2 |      35 |       0 |   0.0 |      19 |       0 |   0.0
        D:3 |     100 |       0 |   0.0 |      14 |       0 |   0.0
        D:4 |     104 |     134 |  56.3 |      11 |       9 |  45.0
            +---------+---------+-------+---------+---------+-------

Illustrated notes

Table legend:
 A = Kills in this place as a percentage of kills in entire the game.
 B = Kills by you in this place as a percentage of kills by you in the entire game.
 C = Kills by friends in this place as a percentage of kills by friends in the entire game.
 D = Other kills in this place as a percentage of other kills in the entire game.
 E = Experience gained in this place as a percentage of experience gained in the entire game.
 F = Experience gained in this place divided by the number of levels of this place that you have seen.
                   A       B       C       D       E      F
               +-------+-------+-------+-------+-------+----------------------
         Total | 100.0 | 100.0 |   N/A |   N/A | 100.0 |  99.8
       Dungeon | 100.0 | 100.0 |   N/A |   N/A | 100.0 |  99.8
               +-------+-------+-------+-------+-------+----------------------

Table legend: (Time is in decaauts)
 A = Elapsed time spent in this place.
 B = Non-inter-level travel time spent in this place.
 C = Inter-level travel time spent in this place.
 D = Time resting spent in this place.
 E = Time spent auto-exploring this place.
 F = Levels seen in this place.
 G = Mean time per level.
                   A        B        C        D        E       F      G
               +--------+--------+--------+--------+--------+-----+--------+
         Total |   3629 |   3593 |     36 |    638 |   2499 |   4 |  907.2 |
       Dungeon |   3629 |   3593 |     36 |    638 |   2499 |   4 |  907.2 |
               +--------+--------+--------+--------+--------+-----+--------+

Top non-repeatable levels by time:
     D:1: 1109 daAuts
     D:3: 1000 daAuts
     D:2: 994 daAuts
     D:4: 525 daAuts
